 Dungeon Crawl Stone Soup version 0.31-a0-1522-g43313d8a59 (webtiles) character file.

Game seed: 7993828566709158948

130 pokeman the Magician (level 4, -3/25 HPs)
             Began as a Deep Elf Hedge Wizard on Dec 31, 2023.
             Was an Initiate of Vehumet.
             Slain by an orc
             ... wielding a +0 flail
              (7 damage)
             ... on level 4 of the Dungeon.
             The game lasted 00:06:53 (2868 turns).

pokeman the Magician (Deep Elf Hedge Wizard)        Turns: 2868, Time: 00:06:53

Health: -3/25      AC:  4    Str:  7    XL:     4   Next: 89%
Magic:  0/14       EV: 12    Int: 21    God:    Vehumet [......]
Gold:   123        SH:  0    Dex: 14    Spells: 7/15 levels left

rFire   . . .        r - +0 dagger (drain)
rCold   . . .        (no shield)
rNeg    . . .        b - +0 robe
rPois   .            c - +0 hat
rElec   .            o - +1 cloak
rCorr   .            (no gloves)
SInv    .            (no boots)
Will    .....        (no amulet)
Stlth   ++           (no ring)
HPRegen 0.24/turn    (no ring)
MPRegen 0.14/turn

%: no passive effects
@: very slightly contaminated
A: no striking features
a: Renounce Religion


You were on level 4 of the Dungeon.
You worshipped Vehumet.
Vehumet was noncommittal.
You visited 1 branch of the dungeon, and saw 4 of its levels.
You also visited: Sewer.

You collected 123 gold pieces.

Inventory:

Hand Weapons
 r - a +0 dagger of draining (weapon)
Armour
 b - a +0 robe (worn)
 c - a +0 hat (worn)
 o - a +1 cloak (worn)
Scrolls
 e - 2 scrolls of identify {unknown}
 g - a scroll of amnesia {unknown}
 h - a scroll of immolation {unknown}
 j - 3 scrolls of blinking {unknown}
 l - 3 scrolls of enchant armour {unknown}
 m - 5 scrolls of fear {unknown}
 n - 3 scrolls of teleportation {unknown}
 q - a scroll of revelation {unknown}
Potions
 d - a potion of magic
 f - a potion of enlightenment {unknown}
 i - a potion of resistance {unknown}
 k - 2 potions of mutation {unknown}
 p - a potion of haste {unknown}


   Skills:
 - Level 1.0 Fighting
 - Level 1.0 Armour
 + Level 2.8 Dodging
 - Level 3.0 Stealth
 * Level 6.0 Spellcasting
 + Level 2.4 Conjurations
 - Level 1.1 Summonings
 - Level 1.1 Translocations
 + Level 0.0 Air Magic


You had 7 spell levels left.
You knew the following spells:

 Your Spells              Type           Power      Damage    Failure   Level
a - Magic Dart            Conj           64%        1d6       3%          1
b - Mephitic Cloud        Conj/Alch/Air  9%         N/A       22%         3
c - Call Imp              Summ           20%        N/A       10%         2
d - Blink                 Tloc           20%        N/A       10%         2

Your spell library contained the following spells:

 Spells                   Type           Power      Damage    Failure   Level
 Slow                     Hex            24%        N/A       10%         1
 Cigotuvi's Dreadful Rot  Necr/Alch/Air  12%        N/A       14%         2


Dungeon Overview and Level Annotations

Branches:
Dungeon (4/15)              Sewer (visited)
 Temple: D:4-7

Altars:
Okawaru
Qazlal
Uskayaw
Vehumet
Zin

Shops:
D:1 [

Annotations:
D:3 Grinder


Message History

Aiming: Magic Dart (safe; 3% risk of failure)
Press: ? - help, Shift-Dir - straight line, f/p - centaur
Aim: a centaur (moderately wounded, confused, 100% to hit)
The magic dart hits the centaur but does no damage.
The centaur is moderately wounded.
The quokka is engulfed in noxious fumes.
The quokka appears confused.
Casting: Magic Dart (safe; 3% risk of failure)
Confirm with . or Enter, or press ? or * to list all spells.
Aiming: Magic Dart (safe; 3% risk of failure)
Press: ? - help, Shift-Dir - straight line, f/p - centaur
Aim: a centaur (moderately wounded, confused, 100% to hit)
The magic dart hits the centaur.
The centaur is heavily wounded.
The centaur closely misses the orc.
The centaur kicks the orc.
Unknown command.
Casting: Magic Dart (safe; 3% risk of failure)
Confirm with . or Enter, or press ? or * to list all spells.
Aiming: Mephitic Cloud (extremely dangerous; 22% risk of failure)
Press: ? - help, Shift-Dir - straight line, f/p - centaur
Aim: a centaur (heavily wounded, confused, chance to affect: 81%)
You miscast Mephitic Cloud.
You are very lightly contaminated with residual magic.
Nothing appears to happen.
The gnoll shouts!
The quokka is engulfed in noxious fumes.
The quokka appears confused.
The quokka is engulfed in noxious fumes.
The quokka appears confused.
The quokka barely misses the centaur.
Unknown command.
Unknown command.
The orc hits you with a +0 flail.
* * * LOW HITPOINT WARNING * * *
The quokka is engulfed in noxious fumes.
The quokka appears confused.
The quokka bites the orc.
There is an escape hatch in the ceiling here.
Unknown command.
The centaur is engulfed in noxious fumes.
The centaur appears confused.
The orc hits you with a +0 flail!
You die...

#...........[..#
#####..>.....#.......
#..#.........#.......
#....................
##.#.................
###....#.<..........
#.##...#............
#...................
.....#@.............
...####o...##......
.. #.r##o....##..
......g☼.#....... .
...g...c.........
g................
.gg.#...##.......
....#...# ....... ...
##..# #......


You could see a centaur (confused), 2 orcs and a quokka (confused).

Vanquished Creatures
  A hell rat (Sewer)
  2 adders (D:2)
  A gnoll (D:4)
  2 river rats (Sewer)
  A dart slug (D:1)
  2 ribbon worms
  A ball python (D:1)
  3 endoplasms
  5 giant cockroaches
  6 goblins
  4 hobgoblins (D:1)
  3 jackals (D:2)
  5 quokkas
  4 bats
  3 frilled lizards
  4 kobolds
  7 rats
54 creatures vanquished.

Vanquished Creatures (collateral kills)
  2 rats (Sewer)
2 creatures vanquished.

Grand Total: 56 creatures vanquished

Notes
Turn   | Place    | Note
-------+----------+-------------------------------------------
     0 | D:1      | pokeman the Deep Elf Hedge Wizard began the quest for the
                  | Orb.
     0 | D:1      | Reached XP level 1. HP: 10/10 MP: 7/7
   231 | D:1      | Reached XP level 2. HP: 16/16 MP: 4/9
   859 | D:1      | Found Purozup's Armour Shop.
  1079 | D:2      | Reached skill level 5 in Spellcasting
  1090 | D:2      | Reached XP level 3. HP: 13/20 MP: 6/11
  1094 | D:2      | Learned a level 3 spell: Mephitic Cloud
  1097 | D:2      | Learned a level 2 spell: Call Imp
  1100 | D:2      | Learned a level 2 spell: Blink
  1710 | D:2      | Reached skill level 1 in Fighting
  1710 | D:2      | Reached skill level 1 in Armour
  2033 | D:3      | Noticed Grinder
  2042 | D:3      | Paralysed by Grinder for 4 turns
  2199 | D:3      | Reached XP level 4. HP: 25/25 MP: 5/13
  2200 | D:3      | Found a glowing drain.
  2289 | Sewer    | Entered a sewer
  2630 | D:3      | Found a hide-covered altar of Uskayaw.
  2631 | D:3      | Found a stormy altar of Qazlal.
  2632 | D:3      | Found a glowing silver altar of Zin.
  2633 | D:3      | Found a radiant altar of Vehumet.
  2636 | D:3      | Became a worshipper of Vehumet
  2715 | D:3      | Found an iron altar of Okawaru.
  2839 | D:4      | Noticed a centaur
  2850 | D:4      | Noticed a scorpion
  2864 | D:4      | Reached skill level 6 in Spellcasting
  2868 | D:4      | Slain by an orc

Illustrated notes

Levels and vault maps discovered:
D:1:      spicycebolla_arrival_ecumenical, layout_rooms, serial_shops,
          nicolae_shop_real_fake_doors, item_on_display_a
D:2:      layout_basic
D:3:      layout_loops_ring, mainiacjoe_overflow_alcove_3,
          mainiacjoe_overflow_concentric_impassable, portal_sewer_entry_f,
          minmay_misc_feat_enclosed, amethyst_killhole, uniq_grinder
D:4:      layout_cave_pools, nicolae_overflow_crystal_walls,
          minmay_stone_trees_small

Skill      XL: |  1  2  3  4 |
---------------+-------------+-----
Spellcasting   | 5 6 |  6.0
Fighting       | 1 |  1.0
Armour         | 1 |  1.0
Conjurations   | 2 |  2.4
Stealth        | 3 |  3.0
Dodging        | |  2.8
Summonings     | |  1.1
Translocations | |  1.1

Action                     |  1- 3 |  4- 6 || total
---------------------------+-------+-------++-------
  Melee: Dagger            |    20 |    25 ||    45
   Cast: Magic Dart        |   121 |    31 ||   152
         Mephitic Cloud    |       |     5 ||     5
         Blink             |       |     1 ||     1
         Call Imp          |       |     1 ||     1
   Stab: Distracted        |       |     1 ||     1
 Armour: Robe              |    19 |    14 ||    33
  Dodge: Dodged            |    24 |    14 ||    38

Table legend: (Time is in decaauts)
 A = Elapsed time spent in this place.
 B = Non-inter-level travel time spent in this place.
 C = Inter-level travel time spent in this place.
 D = Time resting spent in this place.
 E = Time spent auto-exploring this place.
 F = Levels seen in this place.
 G = Mean time per level.
                   A        B        C        D        E       F      G
               +--------+--------+--------+--------+--------+-----+--------+
         Total |   2883 |   2741 |    142 |     74 |   2152 |   5 |  576.6 |
       Dungeon |   2625 |   2483 |    142 |     74 |   1946 |   4 |  656.2 |
         Sewer |    258 |    258 |      0 |      0 |    205 |   1 |  258.0 |
               +--------+--------+--------+--------+--------+-----+--------+

Top non-repeatable levels by time:
     D:1: 1030 daAuts
     D:2: 881 daAuts
     D:3: 662 daAuts
   Sewer: 258 daAuts
     D:4: 51 daAuts
